[Event "Titled Tuesday Blitz June 20 Late 2023"]
[White "Turayev, Shahruh"]
[Black "Hakobyan, Aram"]
[WhiteFideId "14003856"]
[BlackFideId "13306677"]
[WhiteElo "2113"]
[BlackElo "2584"]
[Result "1/2-1/2"]
[Round "4"]
[TimeControl "180+2"]
[Date "2023.06.20"]
[WhiteClock "0:00:19"]
[BlackClock "0:00:08"]
[Board "11"]

1. e4 e5 2. Nc3 Nc6 3. Bc4 Nf6 4. d3 Bb4 5. Ne2 d5 6. exd5 Nxd5 7. O-O Nxc3 8. bxc3 Bd6 9. f4 O-O 10. f5 Na5 11. Bb3 Nxb3 12. axb3 f6 13. Ng3 Bd7 14. Ne4 Bc6 15. Qg4 Bxe4 16. dxe4 a5 17. Be3 Qe7 18. Kh1 Bc5 19. Qe2 Bxe3 20. Qxe3 Rfd8 21. h3 h6 22. Rfd1 b6 23. c4 Rxd1+ 24. Rxd1 Rd8 25. Rd5 c6 26. Rd3 Rxd3 27. Qxd3 Kh7 28. Kh2 Qc5 29. Qd7 b5 30. cxb5 cxb5 31. Qe8 b4 32. Qg6+ Kg8 33. Qe8+ Qf8 34. Qe6+ Kh7 35. Qd5 Qc8 36. Qxa5 Qc3 37. Qb5 Qd2 38. Qd3 Qf4+ 39. Kg1 Qc1+ 40. Kf2 Qa1 41. Qc4 Qc1 42. Qxb4 Qxc2+ 43. Kg3 Qc1 44. Kh2 h5 45. Qc4 Qf4+ 46. Kg1 h4 47. Qd3 Qc1+ 48. Kh2 Qf4+ 49. Kg1 Qc1+ 50. Kf2 Qb2+ 51. Kg1 Qc1+ 1/2-1/2


[Site "https://www.chess.com"]

[Event "Titled Tuesday Blitz June 20 Late 2023"]
[White "Jaracz, Pawel"]
[Black "Bortnyk, Mykola"]
[WhiteFideId "1102222"]
[BlackFideId "14120836"]
[WhiteElo "2454"]
[BlackElo "2592"]
[Result "1-0"]
[Round "4"]
[TimeControl "180+2"]
[Date "2023.06.20"]
[WhiteClock "0:00:06"]
[BlackClock "0:00:09"]
[Board "12"]

1. e4 Nf6 2. Nf3 Nxe4 3. c4 d5 4. Nc3 Nxc3 5. dxc3 c6 6. Bf4 Bf5 7. Qb3 Qb6 8. cxd5 Qxb3 9. axb3 cxd5 10. Bxb8 Rxb8 11. Rxa7 Bd7 12. Ne5 e6 13. Nxd7 Kxd7 14. Bb5+ Kc7 15. Ra4 Kb6 16. Be2 Bd6 17. Kd2 Ra8 18. g3 Rxa4 19. bxa4 Ra8 20. Ra1 g5 21. b4 Kc7 22. a5 f5 23. Kc2 Be5 24. Kb3 Kd6 25. Rd1 Bf6 26. c4 d4 27. c5+ Kc7 28. Bd3 Bg7 29. Re1 Kd7 30. Ka4 Rf8 31. b5 e5 32. b6 Kc6 33. Kb4 e4 34. Bb5+ Kd5 35. c6 bxc6 36. Bc4+ Ke5 37. a6 Rb8 38. Ka5 Bf8 39. a7 Ra8 40. f4+ gxf4 41. gxf4+ Kxf4 42. Ka6 Bc5 43. Kb7 Re8 44. Rf1+ Ke5 45. Kxc6 Rc8+ 46. Kb7 Re8 47. Kc6 Rc8+ 48. Kd7 Ra8 49. Kc6 Bd6 50. Kb7 Rf8 51. a8=Q Rxa8 52. Kxa8 d3 53. b7 f4 54. b8=Q Bxb8 55. Kxb8 d2 56. Kb7 Kd4 57. Be2 f3 58. Bd1 Ke3 59. Kc6 Kd4 60. Kb5 h5 61. h4 Ke3 62. Kb4 Kf4 63. Kc3 Kg3 64. Kxd2 Kg2 65. Ke1 Kg3 66. Bxf3 exf3 67. Kd2 Kg2 68. Ke1 Kg3 69. Rg1+ Kh2 70. Kf2 Kh3 71. Rg3+ Kh2 72. Kxf3 Kh1 73. Kf2 Kh2 74. Rf3 Kh1 75. Rh3# 1-0


[Site "https://www.chess.com"]

[Event "Titled Tuesday Blitz June 20 Late 2023"]
[White "Mikaelyan, Arman"]
[Black "Salimova, Nurgyul"]
[WhiteFideId "13304852"]
[BlackFideId "2915138"]
[WhiteElo "2456"]
[BlackElo "2343"]
[Result "1-0"]
[Round "4"]
[TimeControl "180+2"]
[Date "2023.06.20"]
[WhiteClock "0:00:39"]
[BlackClock "0:00:10"]
[Board "13"]

1. d4 d5 2. c4 c6 3. Nf3 Nf6 4. Qc2 g6 5. Nbd2 Bf5 6. Qb3 Qb6 7. e3 Bg7 8. cxd5 cxd5 9. Qxb6 axb6 10. Nh4 Bd7 11. Bd3 Nc6 12. a3 e5 13. dxe5 Nxe5 14. Be2 Ne4 15. O-O O-O 16. Nhf3 Nxf3+ 17. Nxf3 Rfc8 18. Rd1 Ra5 19. Nd4 Ba4 20. Rf1 Bxd4 21. exd4 Bb5 22. Bxb5 Rxb5 23. b4 Rc4 24. Be3 Nd6 25. Rfd1 Rc3 26. Rdc1 Rb3 27. Rcb1 Rxb1+ 28. Rxb1 Ne4 29. Rb3 f5 30. a4 Nc3 31. axb5 Nxb5 32. Rb1 Nc3 33. Ra1 Nb5 34. Ra8+ Kf7 35. Rb8 Nd6 36. Bf4 Nc4 37. Rxb7+ Ke6 38. Rxh7 1-0


[Site "https://www.chess.com"]

[Event "Titled Tuesday Blitz June 20 Late 2023"]
[White "Xiong, Jeffery"]
[Black "TimGrutter03"]
[WhiteFideId "2047640"]
[WhiteElo "2726"]
[BlackElo "2609"]
[Result "0-1"]
[Round "4"]
[TimeControl "180+2"]
[Date "2023.06.20"]
[WhiteClock "0:00:40"]
[BlackClock "0:00:04"]
[Board "14"]

1. e4 g6 2. d4 Bg7 3. Nf3 d6 4. Bd3 Nf6 5. O-O O-O 6. Re1 Nc6 7. c3 e5 8. h3 Re8 9. d5 Ne7 10. c4 Nd7 11. Nc3 a5 12. b3 Nc5 13. Bc2 Rf8 14. a3 h6 15. Rb1 f5 16. b4 Nd7 17. Nh2 Nf6 18. c5 fxe4 19. Bxe4 Bf5 20. Bxf5 Nxf5 21. cxd6 cxd6 22. Ng4 Nxg4 23. Qxg4 axb4 24. Rxb4 g5 25. Rxb7 Qa5 26. Qb4 Nd4 27. Rd1 Rfc8 28. Qxa5 Rxa5 29. Ne4 Rxc1 30. Rxc1 Ne2+ 31. Kh2 Nxc1 32. Nxd6 Rxd5 33. Nf5 Bf8 34. a4 Ra5 35. Rb8 Kf7 36. Rb7+ Kf6 37. g4 Rxa4 38. Rb6+ Kf7 39. Rb7+ Ke6 40. Rb6+ Kd5 41. Rf6 Bc5 42. Nxh6 Rf4 43. Rxf4 exf4 44. Nf7 Be7 45. Kg2 Ne2 46. Nh6 Nd4 47. Nf7 Ke6 48. Nh6 Bf8 49. Nf5 Nxf5 50. gxf5+ Kxf5 51. Kf3 Bd6 0-1


[Site "https://www.chess.com"]

[Event "Titled Tuesday Blitz June 20 Late 2023"]
[White "Eljanov, Pavel"]
[Black "Suarez Uriel, Adrian"]
[WhiteFideId "14102951"]
[BlackFideId "22230874"]
[WhiteElo "2598"]
[BlackElo "2331"]
[Result "1/2-1/2"]
[Round "4"]
[TimeControl "180+2"]
[Date "2023.06.20"]
[WhiteClock "0:00:06"]
[BlackClock "0:00:21"]
[Board "15"]

1. d4 Nf6 2. c4 g6 3. Nc3 d5 4. cxd5 Nxd5 5. e4 Nxc3 6. bxc3 Bg7 7. Nf3 c5 8. h3 O-O 9. Be2 b6 10. Be3 Bb7 11. Qd3 Nd7 12. O-O e6 13. e5 Bxf3 14. gxf3 cxd4 15. cxd4 Qh4 16. Kg2 Bh6 17. Qe4 Qxe4 18. fxe4 Bxe3 19. fxe3 Rfc8 20. Rac1 a5 21. Bb5 Nf8 22. h4 h6 23. Kf3 Kg7 24. d5 g5 25. h5 Rd8 26. d6 Nd7 27. Bxd7 Rxd7 28. a4 Rb8 29. Rb1 f6 30. exf6+ Kxf6 31. Kg4+ Ke5 32. Rfd1 b5 33. Rbc1 b4 34. Rc5+ Kxe4 35. Rxa5 b3 36. Rb5 Rxb5 37. axb5 Ke5 38. Rb1 Rxd6 39. Rxb3 Rb6 40. Rb1 Ke4 41. Rb3 Kd5 42. Rb1 Kc4 43. Rc1+ Kxb5 44. Rc8 Rc6 45. Rh8 e5 46. Kf5 Kc4 47. Rd8 g4 48. e4 g3 49. Rg8 Kd4 50. Rxg3 Rc2 51. Rg4 Rf2+ 52. Kg6 Rf4 53. Rg1 Kxe4 54. Kxh6 Kf5 55. Kg7 e4 56. h6 Rh4 57. h7 Kf4 58. Rg6 Rxh7+ 59. Kxh7 e3 60. Re6 Kf3 61. Kg6 e2 62. Kg5 Kf2 63. Kf4 e1=Q 64. Rxe1 Kxe1 1/2-1/2


[Site "https://www.chess.com"]

[Event "Titled Tuesday Blitz June 20 Late 2023"]
[White "brm72"]
[Black "Firouzja, Alireza"]
[BlackFideId "12573981"]
[WhiteElo "2576"]
[BlackElo "2896"]
[Result "0-1"]
[Round "4"]
[TimeControl "180+2"]
[Date "2023.06.20"]
[WhiteClock "0:00:00"]
[BlackClock "0:00:21"]
[Board "16"]

1. e4 c5 2. Nf3 Nc6 3. Bb5 g6 4. Bxc6 bxc6 5. O-O Bg7 6. c3 Nh6 7. d4 cxd4 8. cxd4 d5 9. e5 O-O 10. h3 f6 11. Re1 Nf7 12. exf6 exf6 13. Nc3 g5 14. Na4 Re8 15. Nc5 Bf8 16. Rxe8 Qxe8 17. Qc2 Bd6 18. Bd2 Bd7 19. Re1 Qc8 20. Nxd7 Qxd7 21. Re3 Rc8 22. Rc3 Kg7 23. Ne1 Nh8 24. Nd3 Ng6 25. Nc5 Bxc5 26. Rxc5 Qe6 27. Qd3 Nh4 28. Qe3 Kf7 29. Qxe6+ Kxe6 30. Ra5 Rc7 31. Bb4 Rb7 32. Ra4 Nf5 33. Bc3 h5 34. b3 g4 35. hxg4 hxg4 36. g3 Nd6 37. Bb4 Ne4 38. Ba3 Kf5 39. Bc1 Nc3 0-1


[Site "https://www.chess.com"]

[Event "Titled Tuesday Blitz June 20 Late 2023"]
[White "Rasulov, Vugar"]
[Black "Hambleton, Aman"]
[WhiteFideId "13402390"]
[BlackFideId "2606577"]
[WhiteElo "2509"]
[BlackElo "2511"]
[Result "1-0"]
[Round "4"]
[TimeControl "180+2"]
[Date "2023.06.20"]
[WhiteClock "0:01:23"]
[BlackClock "0:00:01"]
[Board "17"]

1. e4 b6 2. d4 Bb7 3. Bd3 e6 4. Nf3 d5 5. Nbd2 Nf6 6. Qe2 dxe4 7. Nxe4 Nxe4 8. Bxe4 Bxe4 9. Qxe4 Qd5 10. Qe2 Bd6 11. c4 Qf5 12. d5 Bb4+ 13. Kf1 O-O 14. dxe6 fxe6 15. Nd4 Qf6 16. Qxe6+ Qxe6 17. Nxe6 Re8 18. a3 Ba5 19. b4 Bxb4 20. axb4 Rxe6 21. b5 a5 22. h4 c6 23. Rh3 cxb5 24. cxb5 Re5 25. Rd3 Kf7 26. Bf4 Re7 27. Rd8 Re8 28. Rd6 Ra7 29. Rxb6 Nd7 30. Ra6 Rea8 31. R1xa5 Rxa6 32. Rxa6 Rc8 33. Ra7 Ke6 34. b6 Nxb6 35. Ra6 Kf5 36. Bg5 Nd5 37. f3 h6 38. Bd2 Ke5 39. Rg6 Rg8 40. Bxh6 Kf5 41. Rxg7 Ne3+ 42. Kf2 Nd1+ 43. Kg3 Rh8 44. Bg5 Nc3 45. Rf7+ Ke6 46. Re7+ Kd6 47. Kg4 Nd5 48. Re1 Rg8 49. f4 Kd7 50. g3 Nf6+ 51. Kf3 Nd5 52. h5 Rc8 53. h6 Rc3+ 54. Kg4 Ne3+ 55. Rxe3 Rxe3 56. h7 Re8 57. Bf6 Ke6 58. h8=Q Kf7 59. Qxe8+ Kxf6 60. Qd7 1-0


[Site "https://www.chess.com"]

[Event "Titled Tuesday Blitz June 20 Late 2023"]
[White "Nazari, Arad"]
[Black "Anton Guijarro, David"]
[WhiteFideId "12577324"]
[BlackFideId "2285525"]
[WhiteElo "2175"]
[BlackElo "2618"]
[Result "0-1"]
[Round "4"]
[TimeControl "180+2"]
[Date "2023.06.20"]
[WhiteClock "0:00:01"]
[BlackClock "0:00:20"]
[Board "18"]

1. e4 c6 2. Nf3 d5 3. Nc3 Bg4 4. h3 Bxf3 5. Qxf3 e6 6. Be2 Bc5 7. O-O Nd7 8. Rd1 d4 9. Nb1 Ne5 10. Qg3 d3 11. Qxe5 Bd4 12. Qg3 dxc2 13. Rf1 cxb1=Q 14. Rxb1 h5 15. Qb3 Qb6 16. Qxb6 axb6 17. a3 Nf6 18. d3 Ke7 19. Bg5 Ra5 20. Bxf6+ Kxf6 21. Rfc1 h4 22. Kf1 Rd8 23. Rc4 b5 24. Rc2 Kg5 25. g3 e5 26. Kg2 Rd6 27. Rf1 Rf6 28. Bg4 Ra8 29. Bf5 g6 30. f4+ Kh6 31. Bg4 hxg3 32. Kxg3 exf4+ 33. Kf3 Rd8 34. Ke2 Be5 35. Bf3 Rfd6 36. Rd1 b6 37. Bg4 c5 38. Bf3 Kg5 39. Rcd2 Bd4 40. Kf1 Kf6 41. Rg2 Be5 42. Rgd2 Ke7 43. Bg4 Bd4 44. Kg2 Be3 45. Rc2 Rxd3 46. Rxd3 Rxd3 47. Be2 Rb3 48. Bd1 Bd4 49. Rd2 Rxb2 50. Rxb2 Bxb2 51. Be2 c4 52. a4 c3 53. Bd1 bxa4 54. Bxa4 Kd6 55. Kf3 Ke5 56. Bb3 f6 57. Bc2 g5 58. Ke2 Kd4 59. Kf3 Ba3 60. Ke2 Bd6 61. Kf3 Kc4 62. Ke2 b5 63. Bd3+ Kb4 64. Bc2 Ka3 65. Kd3 b4 66. Kc4 f3 67. Kd3 f2 68. Ke2 Bc5 0-1


[Site "https://www.chess.com"]

[Event "Titled Tuesday Blitz June 20 Late 2023"]
[White "Riehle, Marco"]
[Black "Durarbayli, Vasif"]
[WhiteFideId "12904392"]
[BlackFideId "13402935"]
[WhiteElo "2462"]
[BlackElo "2551"]
[Result "1-0"]
[Round "4"]
[TimeControl "180+2"]
[Date "2023.06.20"]
[WhiteClock "0:00:16"]
[BlackClock "0:00:00"]
[Board "19"]

1. e4 c5 2. a3 g6 3. h4 Bg7 4. h5 Nc6 5. Nc3 d6 6. Bc4 Ne5 7. Ba2 Be6 8. Bxe6 fxe6 9. Nf3 Nf7 10. d4 cxd4 11. Nxd4 Qd7 12. Be3 Rc8 13. hxg6 hxg6 14. Rxh8 Bxh8 15. Qg4 g5 16. O-O-O Bxd4 17. Bxd4 Nf6 18. Qf3 g4 19. Qe2 e5 20. Bxa7 Rxc3 21. bxc3 Qa4 22. Bb6 Nxe4 23. Kb2 Nfg5 24. Be3 Ne6 25. Qxg4 Kd7 26. Qe2 Nc7 27. c4 b5 28. f3 Ng3 29. Qe1 Nf5 30. c5 d5 31. Bd2 e6 32. Qxe5 Qc4 33. Bb4 Kc6 34. g4 Nh4 35. Qd6+ Kb7 36. c6+ Kb8 37. Qd8+ 1-0


[Site "https://www.chess.com"]

[Event "Titled Tuesday Blitz June 20 Late 2023"]
[White "Barp, Alberto"]
[Black "Henriquez Villagra, Cristobal"]
[WhiteFideId "872555"]
[BlackFideId "3409350"]
[WhiteElo "2313"]
[BlackElo "2542"]
[Result "0-1"]
[Round "4"]
[TimeControl "180+2"]
[Date "2023.06.20"]
[WhiteClock "0:00:45"]
[BlackClock "0:00:47"]
[Board "20"]

1. d4 d6 2. g3 g6 3. Bg2 Bg7 4. Nf3 Nf6 5. O-O O-O 6. b3 b5 7. Ne1 c6 8. Nd2 Bb7 9. Bb2 Nbd7 10. c4 a6 11. Nd3 Re8 12. a4 Rb8 13. Qc2 e5 14. e4 exd4 15. Bxd4 Nxe4 16. Bxg7 Nxd2 17. Qxd2 Kxg7 18. axb5 axb5 19. Nb4 Ne5 20. Rfd1 bxc4 21. bxc4 Kg8 22. Qxd6 Qxd6 23. Rxd6 Nxc4 24. Rd7 Bc8 25. Rc7 Rxb4 26. Bxc6 Rf8 27. Ra8 Be6 0-1


[Site "https://www.chess.com"]

[Event "Titled Tuesday Blitz June 20 Late 2023"]
[White "Saric, Ivan"]
[Black "Lamard, Guillaume"]
[WhiteFideId "14508150"]
[BlackFideId "600261"]
[WhiteElo "2576"]
[BlackElo "2413"]
[Result "1-0"]
[Round "4"]
[TimeControl "180+2"]
[Date "2023.06.20"]
[WhiteClock "0:00:06"]
[BlackClock "0:00:03"]
[Board "21"]

1. e4 c5 2. Nf3 d6 3. g3 Nf6 4. d3 g6 5. Bg2 Bg7 6. O-O O-O 7. Re1 e5 8. c3 Nc6 9. a3 h6 10. b4 b6 11. Nbd2 Be6 12. Bb2 Re8 13. b5 Ne7 14. d4 Qc7 15. a4 a6 16. bxa6 Rxa6 17. Bf1 Ra7 18. Bb5 Bd7 19. dxe5 dxe5 20. Nc4 Nc6 21. Qd6 Qxd6 22. Nxd6 Rea8 23. Nc4 Rb8 24. Rad1 Ne7 25. Nfxe5 Bxb5 26. axb5 Ra2 27. Bc1 Rc2 28. Nc6 Nxc6 29. bxc6 Rc8 30. e5 Ng4 31. f3 Nxh2 32. Rd3 Rxc6 33. Nd2 c4 34. Rd8+ Kh7 35. Kxh2 Rxc3 36. Kh3 Rc2 37. Ne4 Bxe5 38. Ba3 Bg7 39. Rd7 g5 40. Rxf7 Kg6 41. Rd7 Ra2 42. Nd6 Rxa3 43. Re6+ Bf6 44. f4 gxf4 45. Rf7 Rxg3+ 46. Kh2 Kg5 47. Ne4+ Kg4 48. Nxf6+ Kf3 49. Rxc6 Rg2+ 50. Kh1 Rc2 51. Nd5 Rc1+ 52. Kh2 Rc2+ 53. Kh3 Ke4 54. Nxf4 b5 55. Re6+ Kd4 56. Rd7+ Kc3 57. Ne2+ Kb4 58. Nd4 Rc3+ 59. Kh4 Kc5 60. Re5+ Kb4 61. Rxb5+ Ka3 62. Ra7# 1-0


[Site "https://www.chess.com"]

[Event "Titled Tuesday Blitz June 20 Late 2023"]
[White "Iturrizaga Bonelli, Eduardo"]
[Black "Kakabayev, Mergen"]
[WhiteFideId "3901211"]
[BlackFideId "14002990"]
[WhiteElo "2647"]
[BlackElo "2240"]
[Result "1/2-1/2"]
[Round "4"]
[TimeControl "180+2"]
[Date "2023.06.20"]
[WhiteClock "0:00:26"]
[BlackClock "0:00:49"]
[Board "22"]

1. c4 c6 2. Nf3 d5 3. e3 Nf6 4. Nc3 e6 5. Qc2 Nbd7 6. b3 Bd6 7. Bb2 O-O 8. Rg1 b6 9. g4 Bb7 10. g5 Ne8 11. h4 e5 12. h5 e4 13. Nd4 Ne5 14. cxd5 cxd5 15. O-O-O Rc8 16. Kb1 Nc7 17. Bh3 Ra8 18. g6 hxg6 19. hxg6 Nxg6 20. Rxg6 fxg6 21. Ne6 Qd7 22. Ng5 Qe7 23. Rg1 Rxf2 24. a4 Raf8 25. Nb5 Nxb5 26. Be6+ Kh8 27. Rh1+ Bh2 28. axb5 Qxg5 29. Qc7 Qh6 30. Rxh2 Rxh2 31. Bxg7+ Qxg7 32. Qxh2+ Qh7 33. Qe5+ Qg7 34. Qh2+ Qh7 35. Qe5+ Qg7 36. Qh2+ 1/2-1/2


[Site "https://www.chess.com"]

[Event "Titled Tuesday Blitz June 20 Late 2023"]
[White "Sai Krishna G V"]
[Black "Rustemov, Alexander"]
[WhiteFideId "5028280"]
[BlackFideId "4119002"]
[WhiteElo "2359"]
[BlackElo "2869"]
[Result "0-1"]
[Round "4"]
[TimeControl "180+2"]
[Date "2023.06.20"]
[WhiteClock "0:00:00"]
[BlackClock "0:00:55"]
[Board "23"]

1. e4 e6 2. d4 d5 3. Nc3 dxe4 4. Nxe4 Bd7 5. Nf3 Bc6 6. Bd3 Nd7 7. Qe2 Ngf6 8. Neg5 Qe7 9. Ne5 Nxe5 10. dxe5 Nd7 11. f4 h6 12. Ne4 g5 13. fxg5 O-O-O 14. Bf4 Bg7 15. O-O-O Bxe5 16. Bxe5 Nxe5 17. gxh6 Rxh6 18. Bb5 Rxd1+ 19. Rxd1 Rxh2 20. Bxc6 Nxc6 21. Qb5 Qb4 22. Qg5 Rh8 23. Nf6 Rd8 24. Rxd8+ Nxd8 25. c3 Qe7 26. Qg7 b6 27. Ng8 Qc5 28. Nh6 Qh5 29. g4 Qg6 30. Qxg6 fxg6 31. Kd2 Kd7 32. Ke3 e5 33. Ke4 Ke6 34. g5 Nb7 35. Kd3 Nd6 36. c4 c5 37. b3 e4+ 38. Ke3 Ke5 39. Ng4+ Kf5 40. Nf6 Kxg5 41. Nd5 Kf5 42. Ne7+ Ke6 43. Nxg6 Kf6 0-1


[Site "https://www.chess.com"]

[Event "Titled Tuesday Blitz June 20 Late 2023"]
[White "Papasimakopoulos, Alexandros"]
[Black "Erdogmus, Yagiz Kaan"]
[WhiteFideId "4244125"]
[BlackFideId "44599790"]
[WhiteElo "2359"]
[BlackElo "2359"]
[Result "0-1"]
[Round "4"]
[TimeControl "180+2"]
[Date "2023.06.20"]
[WhiteClock "0:00:09"]
[BlackClock "0:00:07"]
[Board "24"]

1. d4 Nf6 2. c4 e6 3. Nc3 d5 4. cxd5 exd5 5. Bg5 c6 6. e3 Bd6 7. Bd3 O-O 8. Qc2 h6 9. Bh4 Re8 10. Nf3 Bg4 11. Bg3 a5 12. Ne5 Be6 13. O-O Nh5 14. f4 Nxg3 15. hxg3 Nd7 16. f5 Nxe5 17. fxe6 Rxe6 18. dxe5 Rxe5 19. e4 Bc5+ 20. Rf2 Qf6 21. exd5 cxd5 22. Rf1 Rae8 23. Bb5 R8e7 24. Qd2 Qb6 25. a4 Be3 26. Nxd5 Bxf2+ 27. Rxf2 Re1+ 28. Kh2 R7e5 29. Nf4 Qf6 30. Be2 Ra1 31. b3 Qg5 32. Qc3 Ra3 33. Nh3 Qe7 34. Qb2 Re3 35. Bc4 Qd6 36. Nf4 g5 37. Rd2 Qe5 38. Rd8+ Kg7 39. Qxe5+ Rxe5 40. Nd3 Re2 41. Rd7 Raa2 42. Bd5 Rad2 43. Nc1 Rxg2+ 44. Bxg2 Rxd7 45. Ne2 Rd3 46. Bxb7 Rxb3 47. Bc6 Rb2 48. Bb5 Ra2 49. g4 Kg6 50. Kg3 f5 51. gxf5+ Kxf5 52. Nd4+ Kf6 53. Nc6 h5 54. Nxa5 h4+ 55. Kh3 Ra3+ 56. Kg2 g4 57. Nc4 Ra2+ 58. Kg1 Kg5 59. Nd6 h3 60. Ne4+ Kh4 61. Bc6 g3 62. Nxg3 Kxg3 63. Kf1 h2 64. Ke1 Rxa4 65. Bxa4 h1=Q+ 66. Kd2 Qe4 67. Kc3 Qxa4 68. Kb2 Kf4 69. Kc3 Ke3 70. Kb2 Kd2 71. Kb1 Kc3 72. Kc1 Qa1# 0-1


[Site "https://www.chess.com"]

[Event "Titled Tuesday Blitz June 20 Late 2023"]
[White "Jarmula, Lukasz"]
[Black "Elsa167"]
[WhiteFideId "1160664"]
[WhiteElo "2372"]
[BlackElo "2825"]
[Result "0-1"]
[Round "4"]
[TimeControl "180+2"]
[Date "2023.06.20"]
[WhiteClock "0:00:31"]
[BlackClock "0:00:29"]
[Board "25"]

1. Nf3 Nf6 2. e3 g6 3. b4 Bg7 4. Bb2 O-O 5. Be2 d6 6. O-O Nbd7 7. c4 e5 8. d3 a5 9. b5 b6 10. Nc3 Bb7 11. Nd2 Nc5 12. Qc2 Re8 13. Rfe1 Qd7 14. Bf3 Bxf3 15. Nxf3 Nxd3 16. Qxd3 e4 17. Qd1 exf3 18. Qxf3 Rac8 19. Rad1 Qe6 20. Nd5 Ne4 21. Bxg7 Kxg7 22. Rd4 f5 23. Qd1 Rf8 24. Qa1 Kg8 25. Rdd1 Rf7 26. Re2 Rcf8 27. Rc2 Re8 28. Nf4 Qf6 29. Qc1 Qg7 30. Nd5 Nf6 31. Nxf6+ Qxf6 32. Qd2 Re5 33. Qd4 Qe6 34. h3 Re4 35. Qd3 f4 36. exf4 Rfxf4 37. Qd5 Qxd5 38. cxd5 Rc4 39. Rdc1 Rc5 40. Rxc5 bxc5 41. Re1 Kf7 42. Re6 Rb4 43. a4 Rxa4 44. b6 cxb6 45. Rxd6 Rb4 46. Rc6 Ke7 47. Rc7+ Kd6 48. Rxh7 a4 49. Rg7 a3 50. Rxg6+ Kxd5 51. Rg8 a2 0-1


[Site "https://www.chess.com"]

[Event "Titled Tuesday Blitz June 20 Late 2023"]
[White "Ince, Taylan Ruzgar"]
[Black "Cardoso Cardoso, Jose Gabriel"]
[WhiteFideId "44513089"]
[BlackFideId "4430492"]
[WhiteElo "2147"]
[BlackElo "2484"]
[Result "0-1"]
[Round "4"]
[TimeControl "180+2"]
[Date "2023.06.20"]
[WhiteClock "0:00:00"]
[BlackClock "0:00:02"]
[Board "26"]

1. e4 c5 2. Nf3 d6 3. Bb5+ Nd7 4. O-O a6 5. Bd3 Ngf6 6. Re1 b5 7. c3 c4 8. Bc2 e6 9. b3 Bb7 10. a4 cxb3 11. Bxb3 Nxe4 12. axb5 axb5 13. Rxa8 Bxa8 14. Nd4 Qb6 15. Qf3 Ndc5 16. d3 Nxb3 17. Nxb3 Bd5 18. c4 Nd2 19. Qxd5 Nxb3 20. Bg5 Be7 21. Qa8+ Qd8 22. Qc6+ Qd7 23. Qa8+ Bd8 24. cxb5 O-O 25. Bxd8 Rxd8 26. Qa4 Nc5 27. Qc4 Rb8 28. Nc3 Rc8 29. Rb1 d5 30. Qd4 Nb7 31. h3 h6 32. Na4 Rc2 33. g3 Qd6 34. Qb4 Qc7 35. b6 Qc6 36. Qd4 f6 37. Nb2 e5 38. Qb4 Kf7 39. Nd1 d4 40. Qb3+ Kg6 41. Nb2 Rc3 42. Qd1 Nd6 43. Na4 Ra3 44. Rb4 Nb7 45. Qg4+ Kf7 46. Qd1 Kg6 47. h4 Kf7 48. h5 Kg8 49. Qg4 Ra1+ 0-1


[Site "https://www.chess.com"]

[Event "Titled Tuesday Blitz June 20 Late 2023"]
[White "Leenhouts, Koen"]
[Black "Bordi, Kevin"]
[WhiteFideId "1008439"]
[BlackFideId "621862"]
[WhiteElo "2409"]
[BlackElo "2799"]
[Result "0-1"]
[Round "4"]
[TimeControl "180+2"]
[Date "2023.06.20"]
[WhiteClock "0:00:02"]
[BlackClock "0:00:24"]
[Board "27"]

1. e4 d5 2. exd5 Qxd5 3. Nc3 Qa5 4. b4 Qxb4 5. Rb1 Qd6 6. Nf3 Nf6 7. Bc4 c6 8. O-O b5 9. Bb3 Bf5 10. a4 b4 11. Ne2 e6 12. Ng3 Bg6 13. Bb2 Be7 14. Re1 Nbd7 15. Ng5 O-O 16. Nxe6 Rfe8 17. Nd4 Bf8 18. Ngf5 Qc5 19. Qf3 Ne5 20. Qg3 Nc4 21. Bxc4 Qxc4 22. Ne3 Qa6 23. Ndf5 Ne4 24. Qh4 Nxd2 25. Nh6+ Kh8 26. Rbd1 Ne4 27. Nef5 Nc3 28. Rxe8 Rxe8 29. Bxc3 bxc3 30. Rd8 Re1# 0-1


[Site "https://www.chess.com"]

[Event "Titled Tuesday Blitz June 20 Late 2023"]
[White "Maksimovic, Bojan"]
[Black "Taboas Rodriguez, Daniel"]
[WhiteFideId "14408120"]
[BlackFideId "2208466"]
[WhiteElo "2457"]
[BlackElo "2365"]
[Result "1/2-1/2"]
[Round "4"]
[TimeControl "180+2"]
[Date "2023.06.20"]
[WhiteClock "0:00:08"]
[BlackClock "0:00:07"]
[Board "28"]

1. e4 e5 2. Nf3 Nc6 3. c3 Nf6 4. d4 exd4 5. e5 Nd5 6. cxd4 Bb4+ 7. Bd2 O-O 8. Nc3 Bxc3 9. bxc3 d6 10. exd6 Qxd6 11. Be2 Nf4 12. Bxf4 Qxf4 13. O-O Re8 14. Re1 Bg4 15. h3 Bh5 16. Qb3 Rab8 17. Rad1 h6 18. Qd5 Bg6 19. Qb5 a6 20. Qb2 Re7 21. Bf1 Qd6 22. Rxe7 Nxe7 23. Re1 Nd5 24. Ne5 Bf5 25. c4 Nf6 26. c5 Qd8 27. Bc4 Be6 28. Bxe6 fxe6 29. Ng6 Qd7 30. c6 Qe8 31. Nf4 Qxc6 32. Rxe6 Qb5 33. Qxb5 axb5 34. Re7 c6 35. g4 Ra8 36. Rxb7 Rxa2 37. Ne6 g5 38. Rg7+ Kh8 39. Rf7 Nd5 40. Rb7 b4 41. Nc5 Rd2 42. Ne6 Re2 43. Nc5 Rb2 44. Nd7 b3 45. Ne5 Rb1+ 46. Kh2 Nf4 47. Nxc6 b2 48. Ne5 Ne2 49. Nd7 Kg7 50. Nc5+ Kf6 51. Ne4+ Kg6 52. Rb6+ Kg7 53. Nd2 Rd1 54. Rxb2 Nxd4 55. Rb7+ Kf6 56. Rb6+ Ke5 57. Nc4+ Kd5 58. Ne3+ Kc5 59. Rxh6 Rd2 60. Kg2 Ra2 61. Rh5 Ne6 62. Kf3 Kd6 63. h4 gxh4 64. Rxh4 Ke5 65. Rh5+ Kf6 66. Rf5+ Kg6 67. Nd5 Nd4+ 68. Ke4 Nxf5 69. gxf5+ Kf7 70. f3 Ra4+ 71. Ke5 Ra1 72. f4 Re1+ 73. Kd4 Re2 74. Kd3 Re1 75. Kd4 Re8 76. Kd3 Re1 77. Kd4 1/2-1/2


[Site "https://www.chess.com"]

[Event "Titled Tuesday Blitz June 20 Late 2023"]
[White "Sattarov, Bobir"]
[Black "Richter, Paul"]
[WhiteFideId "14203081"]
[BlackFideId "2046350"]
[WhiteElo "2351"]
[BlackElo "2546"]
[Result "1-0"]
[Round "4"]
[TimeControl "180+2"]
[Date "2023.06.20"]
[WhiteClock "0:01:28"]
[BlackClock "0:00:01"]
[Board "29"]

1. e4 c5 2. Nf3 d6 3. d4 cxd4 4. Nxd4 Nf6 5. f3 e5 6. Nb3 d5 7. Bg5 Be6 8. Bxf6 gxf6 9. exd5 Qxd5 10. Qxd5 Bxd5 11. Nc3 Bc6 12. O-O-O Bh6+ 13. Kb1 O-O 14. Na5 Kg7 15. Bd3 b6 16. Nxc6 Nxc6 17. Be4 Rac8 18. Nb5 Nd4 19. Nxd4 exd4 20. Rxd4 Rfd8 21. Rhd1 Rxd4 22. Rxd4 Rc7 23. c3 Re7 24. a4 Rc7 25. Bd3 Re7 26. Ka2 Bc1 27. Kb3 h5 28. Rd5 Kh6 29. Kc2 Bf4 30. g3 Be3 31. h4 Bf2 32. g4 hxg4 33. fxg4 Re5 34. Rd7 a5 35. g5+ fxg5 36. Rxf7 gxh4 37. Rxf2 Kg5 38. Re2 Rc5 39. Re6 h3 40. Rxb6 h2 41. Be4 Re5 42. Rb5 Kf4 43. Rxe5 Kxe5 44. Bh1 1-0


[Site "https://www.chess.com"]

[Event "Titled Tuesday Blitz June 20 Late 2023"]
[White "Leitao, Rafael"]
[Black "Dilmukhametov, Artur"]
[WhiteFideId "2101246"]
[BlackFideId "24179922"]
[WhiteElo "2609"]
[BlackElo "2242"]
[Result "1-0"]
[Round "4"]
[TimeControl "180+2"]
[Date "2023.06.20"]
[WhiteClock "0:00:25"]
[BlackClock "0:01:28"]
[Board "30"]

1. c4 c6 2. g3 d5 3. Nf3 Nf6 4. Bg2 dxc4 5. O-O b5 6. a4 a6 7. Ne5 Bb7 8. axb5 axb5 9. Rxa8 Bxa8 10. b3 cxb3 11. Qxb3 e6 12. Qa2 Bb7 13. Qa7 Qc7 14. d4 Bd6 15. Nc3 O-O 16. Nxb5 cxb5 17. Qxb7 Bxe5 18. dxe5 Qxb7 19. Bxb7 Nd5 20. Bxd5 exd5 21. Ba3 Re8 22. Rb1 Nc6 23. Rxb5 Rxe5 24. Rc5 Re6 25. e3 Rd6 26. Rc2 Re6 27. Rd2 Re5 28. Bd6 Rf5 29. Rc2 Na7 30. Ra2 1-0


[Site "https://www.chess.com"]

[Event "Titled Tuesday Blitz June 20 Late 2023"]
[White "Kramnik, Vladimir"]
[Black "Gascon Del Nogal, Jose Rafael"]
[WhiteFideId "4101588"]
[BlackFideId "3902463"]
[WhiteElo "2703"]
[BlackElo "2473"]
[Result "1-0"]
[Round "4"]
[TimeControl "180+2"]
[Date "2023.06.20"]
[WhiteClock "0:00:16"]
[BlackClock "0:00:00"]
[Board "31"]

1. e4 e5 2. Nf3 Nc6 3. g3 Nf6 4. d3 d5 5. exd5 Nxd5 6. Bg2 Be7 7. O-O O-O 8. Re1 f6 9. c3 Nb6 10. d4 exd4 11. Nxd4 Nxd4 12. cxd4 c6 13. Nc3 Kh8 14. Qb3 Bd6 15. Be3 Bf5 16. a4 Rb8 17. a5 Nd7 18. h3 a6 19. Red1 Re8 20. d5 c5 21. Ne2 b5 22. axb6 Rxb6 23. Qa3 Qb8 24. Nf4 Rxb2 25. Re1 Rb6 26. Bd2 Rxe1+ 27. Rxe1 Ne5 28. Bc3 Qc8 29. Qa4 h6 30. Ne6 Bxe6 31. dxe6 Qxe6 32. f4 Qd7 33. Qxd7 Nxd7 34. Re8+ Kh7 35. Be4+ g6 36. Rd8 Nf8 37. Bxf6 Bc7 38. Rxf8 1-0


[Site "https://www.chess.com"]